 Dungeon Crawl Stone Soup version 0.29-a0-323-g050149af67 (webtiles) character file.

Game seed: 11124081874203785225

7 spaghetti the Caller (level 2, 17/17 HPs)
             Began as an Octopode Summoner on Apr 11, 2022.
             Was a Follower of Trog.
             Quit the game on level 1 of the Dungeon.
             The game lasted 00:00:33 (616 turns).

spaghetti the Caller (Octopode Summoner)             Turns: 616, Time: 00:00:33

Health: 17/17      AC:  1    Str:  7    XL:     2   Next: 4%
Magic:  5/5        EV: 13    Int: 17    God:    Trog [*.....]
Gold:   8          SH:  0    Dex: 12    Spells: 4/5 levels left

rFire   . . .      SeeInvis .   d - +0 short sword {short}
rCold   . . .      Faith    .   (no shield)
rNeg    . . .      Spirit   .   (helmet restricted)
rPois   .          Reflect  .   (no amulet)
rElec   .          Harm     .   (no ring)
rCorr   .          Rampage  .   (no ring)
Will    .....                   (no ring)
Stlth   +++.......              (no ring)
HPRegen 0.05/turn               (no ring)
MPRegen 0.09/turn               (no ring)
                                (no ring)
                                (no ring)

@: no status effects
A: almost no armour, amphibious, 8 rings, camouflage 1, gelatinous body 1,
(nimble swimmer 1), tentacles
a: Renounce Religion, Berserk


You were on level 1 of the Dungeon.
You worshipped Trog.
Trog was aware of your devotion.
You visited 1 branch of the dungeon, and saw 1 of its levels.

You collected 8 gold pieces.


Innate Abilities, Weirdness & Mutations

You cannot wear most types of armour.
You are amphibious.
You can wear up to eight rings at the same time.
Your skin changes colour to match your surroundings (Stealth+).
Your rubbery body absorbs attacks. (AC +1, EV +1)
((You are camouflaged when in or above water. (Stealth+)))
You have tentacles for arms and can constrict up to eight enemies at once.


   Skills:
 + Level 0.0 Fighting
 - Level 2.0 Dodging
 - Level 2.6 Stealth
 - Level 2.0 Spellcasting
 - Level 4.4 Summonings


You had 4 spell levels left.
You knew the following spells:

 Your Spells              Type           Power      Damage    Failure   Level
a - Summon Small Mammal   Summ           64%        N/A       3%          1

Your spell library contained the following spells:

 Spells                   Type           Power      Damage    Failure   Level
 Call Imp                 Summ           16%        N/A       4%          2
 Call Canine Familiar     Summ           16%        N/A       10%         3
 Summon Guardian Golem    Hex/Summ       9%         N/A       24%         3
 Summon Lightning Spire   Summ/Air       9%         N/A       61%         4

Inventory:

Hand Weapons
 d - a +0 short sword (weapon) {short}
   (You took it off a kobold on level 1 of the Dungeon)
Missiles
 c - 28 stones {throwing}
Scrolls
 b - a scroll of identify {unknown}
Potions
 a - a potion of magic

Dungeon Overview and Level Annotations

Branches:
Dungeon (1/15)

Altars:
Trog

.# ## .. ..
##. .## ##..#
#..##
....###....
#...#...#
#.....#
##.@รท##
#####.....#
#..#...#...#
#.....###....#
#..#..## #..##
#+# #.###..##
.## ...
...#....### #
... ........โ€
..# #.###
####.####.##


There were no monsters in sight!


Message History

b - a scroll labelled LAUMAG ZUAFURCH ๐Ÿ˜Ž MP[+2]
Your mp is fully restored (3).
c - 28 stones {throwing} A kobold comes into view.
It is wielding a +0 short sword.
A kobold is nearby!
A kobold is nearby!
A kobold is nearby!
A kobold is nearby!
Casting: Summon Small Mammal (safe; 3% risk of failure)
Confirm with . or Enter, or press ? or * to list all spells.
๐Ÿ˜Ž MP[-1]
You lost 1 mp, and now have 2/3 mp.
Casting: Summon Small Mammal (safe; 3% risk of failure)
Confirm with . or Enter, or press ? or * to list all spells.
Your quokka bites the kobold but does no damage.
The kobold hits you with a +0 short sword. ๐Ÿ˜ฎ HP[-3] MP[-1]
You take 3 damage, and now have 8/11 hp.
MASSIVE DAMAGE!! (PAUSE)
You lost 1 mp, and now have 1/3 mp.
You barely miss the kobold. Your grab misses the kobold.
You squeeze the kobold.
You kill the kobold!
d - a +0 short sword {short} You see here a kobold corpse.
You start resting. ๐Ÿ˜• HP[+1] MP[+2]
Your mp is fully restored (3).
Your bat disappears in a puff of smoke!
Your quokka disappears in a puff of smoke!
Key pressed, stopping explore.
A ball python comes into view.
Found a faded altar of an unknown god. ๐Ÿ˜Ž HP[+2]
Your hp is fully restored (11).
A ball python is nearby!
A ball python is nearby!
A ball python comes into view.
d - a +0 short sword (weapon)
{short} A ball python comes into view.
The ball python hisses angrily. x2
Casting: Summon Small Mammal (safe; 3% risk of failure)
Confirm with . or Enter, or press ? or * to list all spells.
The ball python hisses angrily.
The ball python closely misses you. The ball python grabs you.
The ball python constricts you.
The ball python barely misses you. ๐Ÿ˜Ž MP[-1]
You lost 1 mp, and now have 2/3 mp.
Unknown command.
Casting: Summon Small Mammal (safe; 3% risk of failure)
Confirm with . or Enter, or press ? or * to list all spells.
Your bat closely misses the ball python.
The ball python bites you. The ball python constricts you.
The ball python misses you.
The ball python bites you. ๐Ÿ˜ฎ HP[-3] MP[-1]
You take 3 damage, and now have 8/11 hp.
MASSIVE DAMAGE!! (PAUSE)
You lost 1 mp, and now have 1/3 mp.
You closely miss the ball python. You grab the ball python.
You constrict the ball python. Your bat hits the ball python.
The ball python closely misses you. The ball python constricts you.
The ball python bites you.
* * * LOW HITPOINT WARNING * * *
The ball python bites your bat. The ball python barely misses your bat.
Your bat hits the ball python.
The ball python dies! ๐Ÿ˜จ HP[-4]
You take 4 damage, and now have 4/11 hp.
MASSIVE DAMAGE!! (PAUSE)
You barely miss the ball python. You grab the ball python.
You squeeze the ball python.
You kill the ball python!
Your bat closely misses the ball python.
The ball python bites you.
* * * LOW HITPOINT WARNING * * *
The ball python constricts you.
* * * LOW HITPOINT WARNING * * *
You have reached level 2! ๐Ÿ˜ฑ HP[-1]
You now have 17 max hp (+6).
You hit the ball python.
You kill the ball python!
You start resting.
Your bat disappears in a puff of smoke!
Your rat disappears in a puff of smoke! ๐Ÿ˜จ HP[+2] MP[+4]
You regained 2 hp, and now have 5/17 hp.
Your mp is fully restored (5).
You start resting. ๐Ÿ˜Ž HP[+12]
Your hp is fully restored (17).
Unknown command.
There is a faded altar of an unknown god here.
You cannot tell which god this altar belongs to.
Convert to them anyway?
Trog accepts your prayer! Trog welcomes you!
You can now go berserk at will.
Are you sure you want to abandon this character and quit the game? (Confirm with "yes".)

Action                   || total
-------------------------++-------
Melee: Unarmed           ||     5
       Constrict         ||     3
       Short sword       ||     3
       Tentacles         ||     2
 Cast: Summon Small Mamm ||     6
Dodge: Dodged            ||     5

Levels and vault maps discovered:
D:1:      scummos_arrival_checkerplants, layout_basic,
          nicolae_ecumenical_snake_handling, palyth_stone_intersect

Notes
Turn   | Place    | Note
-------+----------+-------------------------------------------
     0 | D:1      | spaghetti the Octopode Summoner began the quest for the
                  | Orb.
     0 | D:1      | Reached XP level 1. HP: 11/11 MP: 3/3
     0 | D:1      | magus.rc [v1.9.6]
   336 | D:1      | Found a faded altar of an unknown god.
   345 | D:1      | HP: 2/11 [constriction (1)]
   346 | D:1      | Reached XP level 2. HP: 3/17 MP: 1/5
   615 | D:1      | Prayed at the altar of an unknown god.
   615 | D:1      | Became a worshipper of Trog the Wrathful
   615 | D:1      | Reached * piety under Trog
   616 | D:1      | Quit the game

Vanquished Creatures
  A dart slug (D:1)
  A kobold (D:1)
  2 ball pythons (D:1)
4 creatures vanquished.

Vanquished Creatures (collateral kills)
  A ball python (D:1)
  A rat (D:1)
2 creatures vanquished.

Grand Total: 6 creatures vanquished

Table legend:
 A = Non-vault XP
 B = Vault XP
 C = Vault XP percentage of total XP
 D = Non-vault monster count
 E = Vault monster count
 F = Vault count percentage of total count
                 A         B        C        D         E       F
            +---------+---------+-------+---------+---------+-------
      Total |       7 |       4 |  36.4 |       3 |       3 |  50.0
            +---------+---------+-------+---------+---------+-------
        D:1 |       7 |       4 |  36.4 |       3 |       3 |  50.0
            +---------+---------+-------+---------+---------+-------

Illustrated notes

Table legend:
 A = Kills in this place as a percentage of kills in entire the game.
 B = Kills by you in this place as a percentage of kills by you in the entire game.
 C = Kills by friends in this place as a percentage of kills by friends in the entire game.
 D = Other kills in this place as a percentage of other kills in the entire game.
 E = Experience gained in this place as a percentage of experience gained in the entire game.
 F = Experience gained in this place divided by the number of levels of this place that you have seen.
                   A       B       C       D       E      F
               +-------+-------+-------+-------+-------+----------------------
         Total | 100.0 | 100.0 | 100.0 |   N/A | 100.0 |  11.0
       Dungeon | 100.0 | 100.0 | 100.0 |   N/A | 100.0 |  11.0
               +-------+-------+-------+-------+-------+----------------------

Table legend: (Time is in decaauts)
 A = Elapsed time spent in this place.
 B = Non-inter-level travel time spent in this place.
 C = Inter-level travel time spent in this place.
 D = Time resting spent in this place.
 E = Time spent auto-exploring this place.
 F = Levels seen in this place.
 G = Mean time per level.
                   A        B        C        D        E       F      G
               +--------+--------+--------+--------+--------+-----+--------+
         Total |    615 |    615 |      0 |    440 |    134 |   1 |  615.0 |
       Dungeon |    615 |    615 |      0 |    440 |    134 |   1 |  615.0 |
               +--------+--------+--------+--------+--------+-----+--------+

Top non-repeatable levels by time:
     D:1: 615 daAuts
